AoeStats
← xuxa

Pilgrims

509769835Analyzed
2v2 RM · 3d ago on Sep 28, 2026· 73m 31s· 4 players
Game mode
Random Map
Map size
Medium (4 player)
Population
200
Speed
Normal
Resources
Standard
Victory
Conquest
Starting age
Dark Age
Ending age
Imperial Age
RankedLock teamsTeams togetherTeam positionsShared explorationLock speedFull tech treeHidden civsTurbo modeCheats
Victory
Defeat
🇦🇷 Byzantines · Argentina
1042
+16
🇨🇴 Japanese · Colombia
1002
+18
🇧🇷 Saxons · Brazil
1076
-18
🇧🇷 Huns · Brazil
1018
-16
ARES
10:52 Loom
12:38 Feudal Age
17:48 Castle Age
16:43 Double-Bit Axe
16:46 Horse Collar
18:22 Scale Barding Armor
18:29 Forging
19:25 Chain Barding Armor
20:08 Husbandry
26:04 Padded Archer Armor
27:46 Bow Saw
29:15 Heavy Plow
30:04 Crossbowman
37:36 Wheelbarrow
39:02 Hand Cart
42:10 Imperial Age
39:49 Pikeman
40:34 Scale Mail Armor
41:10 Iron Casting
41:50 Chain Mail Armor
42:23 Elite Skirmisher
42:37 Halberdier
44:06 Plate Mail Armor
43:28 Fletching
44:54 Ballistics
45:45 Squires
45:42 Bodkin Arrow
46:52 Bracer
47:08 Leather Archer Armor
49:45 Ring Archer Armor
49:25 Thumb Ring
51:30 Chemistry
50:26 Murder Holes
52:20 Gambesons
52:20 Arson
56:00 Plate Barding Armor
56:33 Two-Man Saw
56:11 Crop Rotation
68:16 Conscription
69:08 Treadmill Crane
Maxirod
5:45 Loom
11:54 Feudal Age
12:37 Double-Bit Axe
12:37 Fishing Lines
21:29 Castle Age
19:24 Fletching
19:34 Padded Archer Armor
19:38 Gold Mining
19:39 Stone Mining
22:59 Gold Shaft Mining
22:10 Pikeman
22:46 Town Watch
22:58 Bodkin Arrow
23:19 Leather Archer Armor
23:27 Gillnets
23:48 Medium Warships
24:37 Bow Saw
25:20 Squires
25:06 Arson
27:33 Forging
27:24 Scale Mail Armor
33:23 Imperial Age
34:29 Elite Samurai
37:19 Fervor
39:50 Heavy Warships
39:31 Bracer
42:52 Ballistics
42:50 Clinker Construction
43:08 Halberdier
46:08 Iron Casting
45:49 Chain Mail Armor
49:43 Conscription
50:30 Chemistry
49:12 Treadmill Crane
53:47 Siege Engineers
56:43 Blast Furnace
64:51 Two-Man Saw
64:30 Wheelbarrow
63:56 Town Patrol
65:37 Redemption
68:13 Kataparuto
69:04 Plate Mail Armor
Bollzin
5:06 Loom
10:57 Feudal Age
17:10 Castle Age
16:29 Double-Bit Axe
17:13 Scale Barding Armor
17:19 Forging
16:54 Horse Collar
19:39 Bow Saw
20:10 Bloodlines
20:01 Husbandry
21:18 Wheelbarrow
22:47 Iron Casting
23:30 Chain Barding Armor
24:55 Heavy Plow
34:21 Imperial Age
34:58 Cavalier
44:20 Hand Cart
46:02 Blast Furnace
45:37 Plate Barding Armor
45:58 Paladin
49:23 Two-Man Saw
50:35 Masonry
51:26 Chemistry
51:14 Murder Holes
60:04 Light Cavalry
62:28 Gold Mining
62:28 Stone Mining
64:59 Ballistics
65:17 Scale Mail Armor
65:08 Fletching
65:18 Padded Archer Armor
66:18 Chain Mail Armor
65:51 Pikeman
66:32 Squires
66:17 Arson
66:23 Hussar
67:44 Coinage
67:28 Bodkin Arrow
68:15 Caravan
68:33 Halberdier
70:18 Banking
72:00 Bracer
72:16 Leather Archer Armor
xuxa
10:36 Feudal Age
12:19 Loom
14:13 Fishing Lines
18:49 Horse Collar
19:08 Fletching
24:19 Castle Age
22:50 Double-Bit Axe
25:12 Bow Saw
27:20 Medium Warships
29:57 Bodkin Arrow
32:24 Careening
36:08 Gillnets
40:00 Wheelbarrow
39:11 Town Watch
42:20 Imperial Age
41:40 Gold Mining
43:27 Hand Cart
42:58 Town Watch
43:52 Bracer
44:22 Cranequins
48:01 Ballistics
48:44 Chemistry
49:30 Two-Man Saw
51:04 Conscription
53:35 Heavy Mounted Crossbowman
58:12 Elite Skirmisher
59:13 Town Patrol
61:38 Masonry
62:09 Hoardings
61:00 Shield Wall
62:10 Padded Archer Armor
63:23 Gold Shaft Mining
62:39 Stone Mining
66:27 Architecture
65:48 Guard Tower
73:33 Keep
72:47 Arrowslits
72:59 Murder Holes
Connection lost

Rejoining the realm…

Still unreachable

The connection could not be restored.

Session expired

The server has moved on; the page needs a fresh start.